 Dungeon Crawl Stone Soup version 0.17.1-1-g73c8601 (webtiles) character file.

689 shmeve the Skirmisher (level 7, -1/62 HPs)
             Began as a Minotaur Fighter on Apr 23, 2016.
             Was an Initiate of Trog.
             Slain by Pikel
             ... wielding a +2 whip of flaming
              (6 damage)
             ... on level 4 of the Dungeon.
             The game lasted 00:07:21 (3836 turns).

shmeve the Skirmisher (Minotaur Fighter)            Turns: 3836, Time: 00:07:21

Health: -1/62      AC: 12    Str: 22    XL:     7   Next: 36%
Magic:  6/6        EV:  6    Int:  5    God:    Trog [......]
Gold:   306        SH:  0    Dex: 13    Spells: 0 memorised, 6 levels left

rFire  . . .     SeeInvis .     a - +0 war axe
rCold  + . .     Clarity  .     A - +0 plate armour
rNeg   . . .     SustAt   .     c - +0 shield
rPois  .         Gourm    .     (helmet restricted)
rElec  .         Spirit   .     (no cloak)
rCorr  .         Warding  .     (no gloves)
rMut   .         Stasis   .     (no boots)
MR     .....                    (no amulet)
Stlth  ..........               y - ring of protection from cold
                                v - +3 ring of dexterity

@: confused, not resistant to hostile enchantments, extremely unstealthy
A: retaliatory headbutt, horns 2
a: Burn Spellbooks, Renounce Religion


You were on level 4 of the Dungeon.
You worshipped Trog.
Trog was noncommittal.
You were not hungry.

You visited 2 branches of the dungeon, and saw 5 of its levels.
You also visited: Sewer.

You collected 306 gold pieces.

Inventory:

Hand Weapons
 a - a +0 war axe (weapon)
Missiles
 f - 5 javelins (quivered)
 j - 7 javelins of penetration
Armour
 c - a +0 shield (worn)
 A - a +0 plate armour (worn)
Jewellery
 v - a +3 ring of dexterity (left hand)
 y - a ring of protection from cold (right hand)
Wands
 n - a wand of digging (7)
Scrolls
 b - a scroll of blinking {unknown}
 g - 3 scrolls of enchant armour {unknown}
 i - 3 scrolls of fear {unknown}
 l - a scroll of teleportation {unknown}
 o - 5 scrolls of identify {unknown}
 p - 4 scrolls of magic mapping {unknown}
 q - 2 scrolls of fog {unknown}
 u - a scroll of noise {unknown}
Potions
 d - 2 potions of might
 h - a potion of degeneration {unknown}
 k - 2 potions of ambrosia {unknown}
 m - 2 potions of lignification {unknown}
 s - a potion of cure mutation {unknown}
 x - a potion of heal wounds {unknown}
Comestibles
 e - a bread ration
 r - 3 meat rations
 t - a beef jerky


   Skills:
 * Level 5.9 Fighting
 * Level 4.8 Axes
 + Level 2.5 Throwing
 + Level 4.4 Armour
 + Level 3.1 Dodging
 * Level 5.8 Shields


You had 6 spell levels left.
You didn't know any spells.

Dungeon Overview and Level Annotations

Branches:
Dungeon (4/15)             Temple (1/1) D:4

Altars:
Cheibriados
Dithmenos
Fedhas
Makhleb
Okawaru
Ru
Sif Muna
Trog
Yredelemnul

Annotations:
D:4 Pikel


Innate Abilities, Weirdness & Mutations

You reflexively headbutt those who attack you in melee.
You have a pair of horns on your head.


Message History

The slave barely misses you. x2
Pikel barely misses you. The slave hits you but does no damage.
You closely miss the slave.
The slave is heavily wounded.
You closely miss the slave.
The slave is moderately wounded.
You miss Pikel.
Pikel is moderately wounded.
The slave hits you!
* * * LOW HITPOINT WARNING * * *
Pikel hits you with a whip of flaming.
* * * LOW HITPOINT WARNING * * *
Pikel burns you.
* * * LOW HITPOINT WARNING * * *
The slave hits you.
* * * LOW HITPOINT WARNING * * *
The slave hits you but does no damage.
The worker ant waves its antennae.
You bump into the rock wall.
Pikel hits you with a whip of flaming.
You die...

..>......######.###.##.######.#
.......#........(.............#
⌠...⌠..#.######.###############
.........# #.# .......### #.#
##.##.## #.# ...#.# #.#
#####...#######.## ..).....p@#
########pK# #.ap# #.#p# #.#.#
#.#.# #.#.# #.#.# ....#


You could see Pikel, 4 slaves and a worker ant.

Vanquished Creatures
  Menkaure (D:4)
  A big kobold (Sewer)
  A gnoll shaman (D:4)
  2 worker ants (D:4)
  Natasha (thrice) (D:4)
  Robin (D:2)
  2 river rats (Sewer)
  11 gnolls
  10 adders
  5 oozes
  8 worms
  4 giant geckos
  7 orcs (D:3)
  4 giant cockroaches
  16 goblins
  9 hobgoblins
  11 jackals
  A quokka (D:2)
  3 ball pythons
  8 bats
  6 giant newts
  12 kobolds
  10 rats
136 creatures vanquished.

Notes
Turn   | Place    | Note
--------------------------------------------------------------
     0 | D:1      | shmeve the Minotaur Fighter began the quest for the Orb.
     0 | D:1      | Reached XP level 1. HP: 19/19 MP: 0/0
   129 | D:1      | Reached skill level 1 in Throwing
   129 | D:1      | Reached skill level 1 in Dodging
   129 | D:1      | Reached XP level 2. HP: 18/27 MP: 1/1
   477 | D:1      | Reached skill level 4 in Shields
   510 | D:1      | Reached XP level 3. HP: 33/33 MP: 2/2
  1093 | D:2      | Noticed Robin
  1115 | D:2      | Killed Robin
  1115 | D:2      | Reached XP level 4. HP: 18/40 MP: 3/3
  1436 | D:2      | Found a deep blue altar of Sif Muna.
  1984 | D:3      | Found a glowing drain.
  2004 | D:3      | Reached XP level 5. HP: 33/47 MP: 4/4
  2010 | Sewer    | Entered a sewer
  2236 | Sewer    | Reached skill level 5 in Shields
  2236 | Sewer    | Reached XP level 6. HP: 46/55 MP: 5/5
  2840 | D:3      | Reached skill level 5 in Fighting
  3055 | D:3      | Found a faded altar to an unknown god.
  3179 | D:4      | Found a staircase to the Ecumenical Temple.
  3179 | D:4      | Noticed Natasha
  3190 | D:4      | Killed Natasha
  3216 | Temple   | Entered the Ecumenical Temple
  3229 | Temple   | Became a worshipper of Trog the Wrathful
  3304 | D:4      | Reached XP level 7. HP: 32/61 MP: 6/6
  3305 | D:4      | Noticed Natasha
  3312 | D:4      | Killed Natasha
  3543 | D:4      | Noticed Menkaure
  3549 | D:4      | Killed Menkaure
  3751 | D:4      | Noticed Natasha
  3754 | D:4      | Killed Natasha
  3811 | D:4      | Noticed Pikel
  3836 | D:4      | Slain by Pikel

Action                   |  1- 3 |  4- 6 |  7- 9 || total
-------------------------+-------+-------+-------++-------
Melee: War axe           |    88 |   176 |    44 ||   308
Throw: Javelin           |     3 |     2 |       ||     5
  Use: Potion            |       |     1 |       ||     1
  Eat: Chunk             |     1 |     7 |     2 ||    10
